 Dungeon Crawl Stone Soup version 0.29.1-1-gd02db6906a (webtiles) character file.

Game seed: 7530111534615635726

7729 bwicke the Thaumaturge (level 11, -9/79 HPs)
             Began as a Djinni Ice Elementalist on Sept 19, 2022.
             Was a Priest of Elyvilon.
             Mangled by a white ugly thing (12 damage)
             ... in an ice cave.
             The game lasted 00:45:29 (9761 turns).

bwicke the Thaumaturge (Djinni Ice Elementalist)    Turns: 9761, Time: 00:45:30

Health: -9/79      AC: 10    Str:  7    XL:     11   Next: 42%
Gold:   647        EV: 15    Int: 20    God:    Elyvilon [***...] SH:  0 Dex: 15

rFire   + + +      SeeInvis .   P - +1 morningstar (flame)
rCold   . . .      Faith    .   (no shield)
rNeg    . . .      Spirit   .   l - +1 robe {rC+}
rPois   ∞          Reflect  .   n - +2 helmet
rElec   .          Harm     .   q - +2 cloak
rCorr   +          Rampage  .   y - +0 pair of gloves
Will    +....                   (boots unavailable)
Stlth   ++........              (no amulet)
HPRegen 0.23/turn               U - ring of protection from fire
MPRegen 0.00/turn               k - ring of resist corrosion

@: flying
A: sickness immunity, fire resistance 2, cold vulnerability 1, float, innate
caster, HP casting, extra vitality 1
a: Renounce Religion, Purification, Heal Other, Heal Self


You were in an ice cave.
You worshipped Elyvilon.
Elyvilon was most pleased with you.
You visited 3 branches of the dungeon, and saw 11 of its levels.
You also visited: Ice Cave.

You collected 712 gold pieces.
You spent 65 gold pieces at shops.

Inventory:

Hand Weapons
 a - a +0 sling
 b - a +2 dagger of freezing
 m - a +1 dagger of venom
 p - a +4 spectral quarterstaff
 r - a +0 hammer of holy wrath
 K - a +3 scimitar of freezing
 N - a +4 trident
 P - a +1 morningstar of flaming (weapon)
 Q - a +2 war axe of venom
Missiles
 z - 20 poisoned darts
 T - a throwing net
Armour
 g - a scarf of harm
 l - a +1 robe of cold resistance (worn)
 n - a +2 helmet (worn)
 o - the +2 robe of Cairhupn {*Slow rElec MP+9 Stlth+}
   (You found it on level 2 of the Dungeon)

   rElec:     It insulates you from electricity.
   MP:        It affects your magic capacity (+9).
   *Slow:     It may slow you when you take damage.
   Stlth:     It makes you more stealthy.
 q - a +2 cloak (worn)
 t - the +8 scale mail "Zosaihun" {Will+ Dex+2}
   (You took it off a hobgoblin on level 3 of the Dungeon)

   Dex:       It affects your dexterity (+2).
   Will:      It increases your willpower.
 w - a +1 troll leather armour {Pargi}
 y - a +0 pair of gloves (worn)
 M - a scarf of shadows
Jewellery
 f - a ring of positive energy
 k - a ring of resist corrosion (right hand)
 U - a ring of protection from fire (left hand)
Wands
 e - a wand of polymorph (17)
 G - a wand of light (8)
 S - a wand of charming (4)
Scrolls
 c - 7 scrolls of teleportation
 i - 2 scrolls of magic mapping
 u - 3 scrolls of blinking
 D - a scroll of fear
 F - a scroll of immolation
 J - 2 scrolls of vulnerability {unknown}
 L - a scroll of butterflies {unknown}
 R - a scroll of amnesia {unknown}
Potions
 d - 2 potions of haste
 h - a potion of mutation {unknown}
 j - 5 potions of curing {unknown}
 s - a potion of resistance {unknown}
 v - 2 potions of attraction {unknown}
 x - 3 potions of degeneration {unknown}
 A - a potion of ambrosia {unknown}
 B - a potion of berserk rage {unknown}
 C - 3 potions of flight {unknown}
 E - a potion of cancellation {unknown}
 H - a potion of lignification {unknown}
 I - a potion of heal wounds {unknown}
 O - a potion of invisibility {unknown}


   Skills:
 - Level 7.3 Fighting
 - Level 6.9 Dodging
 - Level 1.5 Stealth
 + Level 9.7 Spellcasting
 - Level 7.7 Invocations


You had 4 spell levels left.
You knew the following spells:

 Your Spells              Type           Power      Damage    Failure   Level
a - Freeze                Ice            100%       1d11      1%          1
b - Frozen Ramparts       Ice            96%        1d15      1%          3
c - Ozocubu's Armour      Ice            48%        N/A       1%          3
d - Hailstorm             Conj/Ice       48%        3d11      1%          4
e - Necrotise             Necr           100%       1d9       1%          1
f - Poisonous Vapours     Pois/Air       96%        N/A       1%          2
g - Call Imp              Summ           48%        N/A       1%          2
h - Passage of Golubria   Tloc           48%        N/A       1%          4
i - Summon Mana Viper     Hex/Summ       48%        N/A       3%          5
Your spell library was empty.

Dungeon Overview and Level Annotations

Branches:
Dungeon (9/15)             Temple (1/1) D:4            Lair (1/5) D:9
  IceCv (1/1)
    Orc: D:9-12

Altars:
Ashenzari
Cheibriados
Dithmenos
Elyvilon
Fedhas
Gozag
Hepliaklqana
Makhleb
Nemelex Xobeh
Okawaru
Qazlal
Ru
Trog
Uskayaw
Wu Jian
Xom
Yredelemnul
Zin
The Shining One

Shops:
D:7 ?

Annotations:
D:9 3 runed translucent doors, Rudyous's ghost, novice MiFi


Innate Abilities, Weirdness & Mutations

You are immune to sickness and miasma.
You are immune to poison.
Your flesh is very heat resistant. (rF++)
You are vulnerable to cold. (rC-)
You float through the air rather than walking.
You learn spells naturally, not from books.
Your magical power is your life essence.
You have superior vitality. (+4 MHP)


Message History

Casting: Summon Mana Viper (dangerous; 3% risk of failure)
Confirm with . or Enter, or press ? or * to list all spells.
A mana viper appears with a sibilant hiss.
Casting: Summon Mana Viper (dangerous; 3% risk of failure)
Confirm with . or Enter, or press ? or * to list all spells.
Aiming: Passage of Golubria (dangerous; 1% risk of failure)
Press: ? - help, Dir - move target The white ugly thing gurgles horribly!
The freezing blast engulfs your mana viper!
The wolf simulacrum bites you. The wolf simulacrum freezes you.
Something bites your mana viper but does no damage.
You closely miss the wolf simulacrum.
Your mana viper is engulfed in freezing vapours.
The wolf simulacrum misses you.
Your mana viper is engulfed in freezing vapours.
Your mana viper bites the wolf simulacrum but does no damage.
The bolt of cold hits your mana viper!!
Your mana viper dies!
Your mana viper disappears in a puff of smoke!
A bolt of cold appears from out of your range of vision.
The wolf simulacrum barely misses you.
You completely miss the wolf simulacrum.
The wolf simulacrum closely misses you.
The white ugly thing is engulfed in freezing vapours.
The wolf simulacrum closely misses you.
You hit the wolf simulacrum.
You melt the wolf simulacrum.
The wolf simulacrum is almost destroyed.
The wolf simulacrum closely misses you.
The white ugly thing is engulfed in freezing vapours.
You barely miss the white ugly thing.
The white ugly thing is lightly wounded.
The white ugly thing misses you.
You hit the white ugly thing. You burn the white ugly thing.
The white ugly thing is moderately wounded.
The white ugly thing bites you! The white ugly thing freezes you!!
The white ugly thing bites you. The white ugly thing freezes you!!
* * * LOW HITPOINT WARNING * * *
The white ugly thing attacks as you move away!
The white ugly thing bites you!
You die...

**,,,**
##...,,**
#....,.Z#
#.......#
#.......#
#.......#
*,..Z..,*
####u####
#....@.(#
#.......#
#.....^^#
#.......#
#.......#
##.....##
##...##
##.##
##...##


You could see a white ugly thing and a wolf simulacrum.

Vanquished Creatures
  A rime drake (Lair:1)
  Psyche (D:8)
  2 komodo dragons (Lair:1)
  Maggie (D:8)
  A troll (D:9)
  Grinder (D:6)
  Sigmund (D:2)
  Eustachio (D:4)
  3 vampire mosquitoes (D:8)
  3 wargs (D:9)
  A death yak simulacrum (IceCv)
  A water moccasin (Lair:1)
  Pargi (D:3)
  An orc warrior (D:9)
  5 ice beasts
  2 black bears
  An ogre (D:6)
  2 centaurs (D:8)
  2 phantoms
  A kobold brigand (D:7)
  3 bullfrogs
  A gnoll sergeant (D:9)
  2 scorpions
  A necrophage (D:5)
  16 wights
  8 killer bees (D:9)
  2 hounds
  2 gnoll boudas
  2 jellies
  Crazy Yiuf (D:2)
  7 orc priests
  Jessica (D:2)
  Natasha (twice) (D:3)
  4 iguanas
  2 scorpion zombies (D:3)
  5 orc wizards
  A polar bear simulacrum (IceCv)
  A wolf simulacrum (IceCv)
  Robin (D:2)
  7 adders
  14 gnolls
  An ufetubus (D:5)
  2 adder zombies (D:3)
  4 worms
  4 dart slugs
  28 orcs
  6 endoplasms
  A giant cockroach (D:2)
  18 goblins
  10 hobgoblins
  7 jackals (D:4)
  4 quokkas
  6 ball pythons
  7 bats
  4 frilled lizards
  6 kobolds
  5 rats
228 creatures vanquished.

Vanquished Creatures (collateral kills)
  A rime drake (Lair:1)
  An anaconda simulacrum (IceCv)
  A death yak simulacrum (IceCv)
  An elephant simulacrum (IceCv)
  A goblin (D:4)
5 creatures vanquished.

Vanquished Creatures (others)
  A plant (D:9)
1 creature vanquished.

Grand Total: 234 creatures vanquished

Notes
Turn   | Place    | Note
-------+----------+-------------------------------------------
     0 | D:1      | bwicke the Djinni Ice Elementalist began the quest for the
                  | Orb.
     0 | D:1      | bwicke set off with the following spells memorised: Freeze,
                  | Frozen Ramparts, Ozocubu's Armour, Hailstorm.
     0 | D:1      | Reached XP level 1. HP: 15/15 MP: 0/0
   278 | D:1      | Reached XP level 2. HP: 20/21 MP: 0/0
   604 | D:1      | Reached XP level 3. HP: 23/25 MP: 0/0
   604 | D:1      | Learned a level 1 spell: Necrotise
   767 | D:1      | Reached skill level 4 in Spellcasting
  1012 | D:2      | Noticed a scorpion
  1021 | D:2      | Killed a scorpion
  1022 | D:2      | Reached XP level 4. HP: 14/31 MP: 0/0
  1211 | D:2      | Reached XP level 5. HP: 30/35 MP: 0/0
  1211 | D:2      | Learned a level 2 spell: Poisonous Vapours
  1260 | D:2      | Noticed Jessica
  1279 | D:2      | Killed Jessica
  1329 | D:2      | Reached skill level 5 in Spellcasting
  1344 | D:2      | Noticed Sigmund
  1354 | D:2      | Killed Sigmund
  1355 | D:2      | Reached XP level 6. HP: 10/40 MP: 0/0
  1599 | D:2      | Noticed Robin
  1606 | D:2      | Killed Robin
  2073 | D:2      | Identified the +2 robe of Cairhupn {*Slow rElec MP+9
                  | Stlth+}
  2191 | D:2      | Found a runed translucent door.
  2192 | D:2      | Noticed Crazy Yiuf
  2201 | D:2      | Killed Crazy Yiuf
  2202 | D:2      | Reached skill level 6 in Spellcasting
  2519 | D:2      | Reached XP level 7. HP: 43/46 MP: 0/0
  2519 | D:2      | Learned a level 2 spell: Call Imp
  2933 | D:3      | Found a sacrificial altar of Ru.
  2944 | D:3      | Reached skill level 1 in Fighting
  3009 | D:3      | Identified the +8 scale mail "Zosaihun" {Will+ Dex+2}
  3154 | D:3      | Found a basalt altar of Yredelemnul.
  3296 | D:3      | Found a faded altar of an unknown god.
  3479 | D:3      | Noticed Pargi
  3486 | D:3      | Killed Pargi
  3819 | D:3      | Found a shadowy altar of Dithmenos.
  3845 | D:3      | Noticed Natasha
  3848 | D:3      | Killed Natasha
  4008 | D:4      | Reached XP level 8. HP: 55/58 MP: 0/0
  4025 | D:4      | Noticed Eustachio
  4039 | D:4      | Killed Eustachio
  4055 | D:4      | Found a stormy altar of Qazlal.
  4389 | D:4      | Reached skill level 7 in Spellcasting
  4525 | D:4      | Found a hide-covered altar of Uskayaw.
  4584 | D:4      | Found a staircase to the Ecumenical Temple.
  4593 | Temple   | Entered the Ecumenical Temple
  4833 | Temple   | Became a worshipper of Elyvilon the Healer
  5035 | D:3      | Noticed Natasha
  5038 | D:3      | Killed Natasha
  5473 | D:5      | Entered Level 5 of the Dungeon
  5555 | D:5      | Reached skill level 5 in Fighting
  5613 | D:5      | Reached XP level 9. HP: 38/67 MP: 0/0
  5613 | D:5      | Learned a level 4 spell: Passage of Golubria
  5872 | D:5      | Reached * piety under Elyvilon
  6541 | D:6      | Noticed Grinder
  6571 | D:6      | Killed Grinder
  6617 | D:6      | Reached skill level 8 in Spellcasting
  6764 | D:6      | Found an iron altar of Okawaru.
  7094 | D:7      | Reached ** piety under Elyvilon
  7104 | D:7      | Found Ixkep's Magic Scroll Boutique.
  7113 | D:7      | Reached skill level 1 in Invocations
  7128 | D:7      | Bought a scroll of teleportation for 39 gold pieces
  7128 | D:7      | Bought a scroll of identify for 26 gold pieces
  7230 | D:7      | Found a hazy altar of Hepliaklqana.
  7343 | D:7      | Identified the +0 pair of boots "Syerenia" {+Inv rC++}
  7410 | D:7      | Reached XP level 10. HP: 68/75 MP: 0/0
  7452 | D:7      | Reached skill level 5 in Invocations
  7784 | D:8      | Noticed Psyche
  7791 | D:8      | Killed Psyche
  7898 | D:8      | Noticed Maggie
  7906 | D:8      | Killed Maggie
  7969 | D:8      | Reached *** piety under Elyvilon
  8117 | D:8      | Found a bloodstained altar of Trog.
  8454 | D:9      | Reached skill level 5 in Dodging
  8497 | D:9      | Found a glowing golden altar of the Shining One.
  8497 | D:9      | Found a glowing silver altar of Zin.
  8662 | D:9      | Found a runed translucent gate.
  8669 | D:9      | Found a runed translucent gate.
  8669 | D:9      | Found a runed translucent gate.
  8669 | D:9      | Noticed a boulder beetle
  8669 | D:9      | Noticed Rudyous's ghost (novice MiFi)
  8714 | D:9      | Reached **** piety under Elyvilon
  8765 | D:9      | Reached XP level 11. HP: 68/79 MP: 0/0
  8765 | D:9      | Learned a level 5 spell: Summon Mana Viper
  8780 | D:9      | Found a staircase to the Lair.
  9203 | Lair:1   | Entered Level 1 of the Lair of Beasts
  9323 | Lair:1   | Reached skill level 9 in Spellcasting
  9376 | Lair:1   | Found a frozen archway.
  9452 | IceCv    | Entered an ice cave
  9467 | IceCv    | Elyvilon protects you from harm!
  9737 | IceCv    | Noticed a white ugly thing
  9760 | IceCv    | HP: 3/79 [white ugly thing (28)]
  9761 | IceCv    | Mangled by a white ugly thing

Illustrated notes

Levels and vault maps discovered:
D:1:      minmay_arrival_semitransparent, layout_basic
D:2:      layout_basic, minmay_misc_feat_cross, grunt_decor_resistance,
          uniq_jessica, uniq_sigmund, uniq_robin, uniq_crazy_yiuf_cottage
D:3:      layout_loops_ring, nicolae_yredelemnul_corpse_copse,
          nicolae_ru_awakened_eye, general_overflow_altar,
          basic_ecumenical_altar, uniq_natasha, uniq_pargi
D:4:      layout_rooms, kennysheep_mini, nicolae_uskayaw_suspiria,
          lemuel_temple_firewalk_b, uniq_eustachio
D:5:      layout_loops_corners
D:6:      layout_loops_ring, kennysheep_okawaru_gauntlet, uniq_grinder
D:7:      layout_rooms, mainiacjoe_overflow_24_doors, serial_shops, shop
D:8:      layout_gridville, nicolae_overflow_crystal_walls, uniq_psyche,
          uniq_maggie
D:9:      layout_irregular_city, mainiacjoe_overflow_divided_tiny,
          erik_lair_orcish_takeover, gammafunk_ghost_split
Temple:   hc_temple_tempest_star
Lair:1:   layout_long_grid, portal_ice_cave_rime, grunt_megastairs_5
IceCv:    ice_cave_statue_garden_chambered

Skill      XL: |  1  2  3  4  5  6  7  8  9 10 11 |
---------------+----------------------------------+-----
Spellcasting   | 4 5 6 7 8 9 |  9.7
Fighting       | 4 6 7 |  7.3
Invocations    | 4 7 |  7.7
Dodging        | 6 |  6.9
Stealth        | |  1.5

Action                   |  1- 3 |  4- 6 |  7- 9 | 10-12 || total
-------------------------+-------+-------+-------+-------++-------
Melee: Dagger            |     1 |       |       |       ||     1
       Quarterstaff      |       |     3 |   200 |   101 ||   304
       Morningstar       |       |       |       |    11 ||    11
 Fire: Sling             |    26 |    47 |       |       ||    73
Throw: Dart              |       |       |     1 |       ||     1
 Cast: Freeze            |    25 |    12 |    13 |       ||    50
       Frozen Ramparts   |     1 |     9 |    23 |    20 ||    53
       Poisonous Vapours |       |     5 |     8 |     1 ||    14
       Ozocubu's Armour  |       |     3 |    17 |    22 ||    42
       Necrotise         |       |     3 |     2 |       ||     5
       Call Imp          |       |       |     4 |       ||     4
       Hailstorm         |       |       |     3 |     5 ||     8
       Summon Mana Viper |       |       |       |     4 ||     4
       Passage of Golubr |       |       |       |     1 ||     1
Invok: Heal Self         |       |       |       |     1 ||     1
Evoke: Wand              |       |       |     7 |     3 ||    10
  Use: Scroll            |       |       |     9 |     2 ||    11
 Stab: Sleeping          |       |       |     6 |       ||     6
       Petrified         |       |       |     3 |       ||     3
       Distracted        |       |       |     1 |       ||     1
Armor: Robe              |     4 |     5 |    25 |     1 ||    35
       Troll leather arm |       |       |    53 |    63 ||   116
Dodge: Dodged            |    15 |     6 |   107 |    97 ||   225
